 Dungeon Crawl Stone Soup version 0.31.0-11-ge490571c62 (webtiles) character file.

Game seed: 16179313934257077718

39 Gadfly the Trooper (level 3, 0/29 HPs)
             Began as a Demonspawn Monk on Jan 27, 2024.
             Slain by an orc
             ... wielding a +2 trident of protection
              (6 damage)
             ... on level 1 of the Dungeon.
             The game lasted 00:01:06 (835 turns).

Gadfly the Trooper (Demonspawn Monk)                 Turns: 835, Time: 00:01:06

Health: 0/29       AC:  2    Str: 13    XL:     3   Next: 26%
Magic:  3/3        EV: 13    Int: 10    God:
Gold:   47         SH:  0    Dex: 15    Spells: 2/2 levels left

rFire   . . .        b - +2 hand axe (freeze)
rCold   . . .        c - orb {light}
rNeg    . . .        a - +0 robe
rPois   .            (no helmet)
rElec   .            (no cloak)
rCorr   .            (no gloves)
SInv    .            (no boots)
Will    .....        (no amulet)
Stlth   +            (no ring)
HPRegen 0.24/turn    (no ring)
MPRegen 0.08/turn

%: no passive effects
@: glowing
A: claws 1
a: no special abilities


You were on level 1 of the Dungeon.
You visited 1 branch of the dungeon, and saw 2 of its levels.

You collected 47 gold pieces.

Inventory:

Hand Weapons
 b - a +2 hand axe of freezing (weapon)
Armour
 a - a +0 robe (worn)
 c - an orb of light (worn)
Scrolls
 e - a scroll of teleportation
Potions
 d - a potion of brilliance {unknown}
 f - a potion of ambrosia
 g - 3 potions of curing {unknown}
 h - a potion of magic {unknown}


   Skills:
 - Level 3.1 Fighting
 + Level 2.9 Dodging
 + Level 2.9 Unarmed Combat
 * Level 1.4 Evocations
 * Level 1.1 Shapeshifting


You had 2 spell levels left.
You didn't know any spells.
Your spell library contained the following spells:

 Spells                   Type           Power      Damage    Failure   Level
 Frozen Ramparts          Ice            0%         1d1       75%         3
 Leda's Liquefaction      Alch/Erth      0%         N/A       98%         4
 Petrify                  Alch/Erth      0%         N/A       98%         4
 Metabolic Englaciation   Hex/Ice        0%         N/A       100%        5


Dungeon Overview and Level Annotations

Branches:
Dungeon (2/15)

Altars:


Innate Abilities, Weirdness & Mutations

You have sharp fingernails.


Message History

You feel stronger. x2
You start resting.
You feel sick.
You are no longer poisoned.
You see here an adder corpse.
There is a stone staircase leading down here.
You start resting.
HP restored.
You climb downwards.
The hobgoblin misses you. The orc hits you with a +0 war axe!
The orc closely misses you. The ball python barely misses you.
The ball python grabs you. The ball python constricts you.
The orc hits you with a +2 trident of protection.
The hobgoblin closely misses you. The orc barely misses you.
There is a stone staircase leading up, spattered with blood here.
You escape the ball python's grasp.
The ball python barely misses you. The ball python closely misses you.
The orc completely misses you. The hobgoblin closely misses you.
The orc barely misses you.
You climb upwards.
There is a stone staircase leading down here.
You hit the ball python. You freeze the ball python.
You kill the ball python!
You hit the orc. You freeze the orc. The orc misses you.
The orc barely misses you.
You hit the orc priest. You freeze the orc priest.
The orc priest is lightly wounded.
You hit the orc. You freeze the orc.
You kill the orc!
The orc priest barely misses you.
The orc hits you from afar with a +2 trident of protection.
The orc priest misses you. The orc barely misses you.
You hit the orc priest. You freeze the orc priest.
The orc priest is severely wounded.
The orc priest looks encouraged for a moment.
The orc closely misses you.
You hit the orc priest. You freeze the orc priest.
The orc priest is almost dead.
The orc priest hits you with a +0 mace!
* * * LOW HITPOINT WARNING * * *
The orc hits you from afar with a +2 trident of protection.
You die...

'#'##.#.#...#.....###.#####......
.#.##...#####....................
##.######..#..##.####.####.......
.#.....#..#'..##...##.## #.......
.#####.#.##...####.#...# ##......
.....#...#....# #.....# ##...#.
.###.#####....# ###...# ######
..##..##......######..###########
#.####'....⌠..go@)o......[.......
#'###.........#######....##...###
...........................(..# #
###########################...# #
#####


You could see an orc priest, an orc and a hobgoblin.

Vanquished Creatures
  2 adders (D:1)
  An orc (D:1)
  A giant cockroach (D:1)
  A goblin (D:1)
  3 hobgoblins (D:1)
  3 jackals (D:2)
  A quokka (D:1)
  2 ball pythons (D:1)
  4 bats (D:1)
  A frilled lizard (D:1)
19 creatures vanquished.

Notes
Turn   | Place    | Note
-------+----------+-------------------------------------------
     0 | D:1      | Gadfly the Demonspawn Monk began the quest for the Orb.
     0 | D:1      | Reached XP level 1. HP: 18/18 MP: 1/1
   231 | D:1      | Gained mutation: You have sharp fingernails. [demonic
                  | ancestry]
   231 | D:1      | Reached XP level 2. HP: 12/24 MP: 2/2
   724 | D:2      | Reached skill level 1 in Evocations
   730 | D:1      | Reached skill level 1 in Shapeshifting
   732 | D:1      | Reached XP level 3. HP: 7/29 MP: 3/3
   835 | D:1      | Slain by an orc

Illustrated notes

Levels and vault maps discovered:
D:1:      nicolae_arrival_somewhat_less_tricky_arrival, layout_rooms
D:2:      layout_rooms

Skill      XL: |  1  2 |
---------------+-------+-----
Evocations     | 1 |  1.4
Shapeshifting  | 1 |  1.1
Fighting       | |  3.1
Dodging        | |  2.9
Unarmed Combat | |  2.9

Action                     || total
---------------------------++-------
  Melee: Unarmed           ||    43
         Hand axe          ||    17
    Use: Scroll            ||     1
 Armour: Robe              ||    38
  Dodge: Dodged            ||    63
